 Dungeon Crawl Stone Soup version 0.28-a0-984-g3775c662fe (webtiles) character file.

Game seed: 1535305118348100655

1379 willcat the Reanimator (level 8, 0/57 HPs)
             Began as a Hill Orc Necromancer on Dec 1, 2021.
             Was an Initiate of Beogh.
             Slain by a hound (5 damage)
             ... on level 6 of the Dungeon on Dec 3, 2021.
             The game lasted 00:10:46 (7358 turns).

willcat the Reanimator (Hill Orc Necromancer)       Turns: 7358, Time: 00:10:46

Health: 0/57       AC:  5    Str: 11    XL:     8   Next: 66%
Magic:  25/25      EV: 12    Int: 17    God:    Beogh [......]
Gold:   178        SH:  0    Dex: 11    Spells: 14/18 levels left

rFire   . . .      SeeInvis .   y - +5 halberd
rCold   . . .      Faith    .   (shield currently unavailable)
rNeg    . . .      Spirit   .   a - +0 robe
rPois   .          Reflect  .   B - +0 helmet
rElec   .          Harm     .   (no cloak)
rCorr   .          Rampage  .   (no gloves)
Will    .....                   r - +1 pair of boots
Stlth   ++........              (no amulet)
HPRegen 0.19/turn               g - ring of magical power
MPRegen 0.19/turn               l - ring of flight

@: marked, flying
A: no striking features
a: Renounce Religion


You were on level 6 of the Dungeon.
You worshipped Beogh.
Beogh was noncommittal.
You visited 1 branch of the dungeon, and saw 6 of its levels.

You collected 178 gold pieces.

Inventory:

Hand Weapons
 o - a +0 whip of venom
 y - a +5 halberd (weapon)
Armour
 a - a +0 robe (worn)
 r - a +1 pair of boots (worn)
 z - the +1 ring mail "Sock" {Rampage Dex+2}
   (You took it off an orc on level 4 of the Dungeon)

   Dex:       It affects your dexterity (+2).
   Rampage:   It bestows one free step when moving towards enemies.
 B - a +0 helmet (worn)
Magical Staves
 j - a staff of earth
Jewellery
 g - a ring of magical power (left hand)
 l - a ring of flight (right hand)
Wands
 C - a wand of digging (6)
Scrolls
 d - a scroll of torment {unknown}
 e - a scroll of magic mapping {unknown}
 f - 2 scrolls of fog
 i - 2 scrolls of enchant armour {unknown}
 k - 2 scrolls of teleportation {unknown}
 m - 3 scrolls of identify
 n - 2 scrolls of noise {unknown}
 p - a scroll of immolation {unknown}
 t - a scroll of blinking {unknown}
 v - a scroll of silence {unknown}
 w - a scroll of vulnerability {unknown}
 A - a scroll of holy word {unknown}
Potions
 b - a potion of ambrosia {unknown}
 c - a potion of might {unknown}
 h - 4 potions of attraction
 q - a potion of cancellation {unknown}
 s - 2 potions of curing {unknown}
 u - a potion of brilliance {unknown}
 x - a potion of lignification {unknown}


   Skills:
 + Level 3.3 Polearms
 - Level 1.5 Dodging
 - Level 1.5 Stealth
 + Level 5.5 Spellcasting
 + Level 8.0 Necromancy


You had 14 spell levels left.
You knew the following spells:

 Your Spells              Type           Power      Damage    Failure   Level
a - Pain                  Necr           100%       1d9       1%          1
b - Vampiric Draining     Necr           32%        2d8       1%          3

Your spell library contained the following spells:

 Spells                   Type           Power      Damage    Failure   Level
 Animate Skeleton         Necr           64%        N/A       1%          1
 Animate Dead             Necr           16%        N/A       4%          4
 Apportation              Tloc           8%         N/A       14%         1
 Summon Small Mammal      Summ           16%        N/A       14%         1
 Agony                    Necr           32%        N/A       14%         5
 Static Discharge         Conj/Air       4%         N/A       21%         2
 Lightning Bolt           Conj/Air       2%         1d13      98%         5
 Conjure Ball Lightning   Conj/Air       2%         3x3d6     100%        6
 Discord                  Hex            2%         N/A       100%        8
 Disjunction              Tloc           2%         N/A       100%        8
 Maxwell's Capacitive Co  Air            2%         ∞         100%        8


Dungeon Overview and Level Annotations

Branches:
Dungeon (6/15)             Temple (0/1) D:5

Altars:
Cheibriados
Hepliaklqana
Makhleb
Qazlal
Ru
Beogh

Annotations:
D:2 dracfodder's ghost, novice GrFE


Message History

Found 13 poisoned darts.
Found a robe.
A sudden malevolence fills the Dungeon...
With a horrendous wail, an alarm goes off!
A sentinel's mark forms upon you.
You hear a shout!
You hear an angry hiss.
You hear a shout! x2
You hear an angry hiss.
You hear a bark!
You hear a shout! x3
Search for what [? for help]? armour
Okay, then.
Search for what [Enter for "armour", or ? for help]?
An ogre comes into view. It is wielding a +0 giant club.
An ogre is nearby!
An ogre is nearby!
Cast which spell? (? or * to list)
Aiming: Pain (safe; 1% risk of failure)
Press: ? - help, Shift-Dir - straight line, f - ogre
Aim: an ogre, wielding a +0 giant club (chance to affect: 84%)
The ogre writhes in agony!
You reach to attack!
You slash the ogre!
The ogre is severely wounded.
You barely miss the ogre.
The ogre is severely wounded.
The ogre hits you with a +0 giant club!
You hit the ogre.
The ogre is severely wounded.
The ogre hits you with a +0 giant club!
An orc wizard comes into view. It is wielding a +0 dagger.
The ogre hits you with a +0 giant club!!
* * * LOW HITPOINT WARNING * * *
A hound comes into view.
The hound pauses to sniff the ground.
An iguana comes into view.
The orc wizard gestures wildly while chanting.
The orc wizard flickers and vanishes!
Deactivating autopickup; reactivate with Ctrl-A.
The iguana barely misses you.
An iguana comes into view.
Okay, then.
The iguana barely misses you. The hound bites you.
You die...

# #.#.#..>..........
.##.##.#.#..##.###.#.#.
............##.# #.#.#.
.#####..######.# #.#.#.
#(.# #.# #.#.#.
#.####..## #.. ......
#.(......# ### #.....
######...# ###.#. ##
#.@l.# #. #.##.#h.# #
#.#.#O.########
#.##.............
#................
####....#.[.##...
#.#..........##
#.####.######## ... ..l


You could see an ogre, an iguana and a hound.

Vanquished Creatures
  A water moccasin (D:5)
  An orc warrior (D:4)
  A black bear (D:6)
  A necrophage (D:3)
  5 ogres
  A phantom (D:3)
  2 scorpions (D:4)
  A howler monkey (D:4)
  A hound (D:4)
  An orc priest (D:4)
  A jelly (D:6)
  2 iguanas (D:5)
  2 orc wizards
  9 adders
  A howler monkey skeleton (D:4)
  2 dart slugs
  10 orcs
  8 ball pythons
  3 endoplasms
  A giant cockroach (D:2)
  4 goblins
  8 hobgoblins
  2 jackals (D:1)
  4 kobolds
  4 quokkas
  6 bats
  3 frilled lizards
  3 rats
88 creatures vanquished.

Vanquished Creatures (others)
  An orc wizard (D:4)
  An orc (D:4)
  9 plants (D:3)
11 creatures vanquished.

Grand Total: 99 creatures vanquished

Notes
Turn   | Place    | Note
-------+----------+-------------------------------------------
     0 | D:1      | willcat the Hill Orc Necromancer began the quest for the
                  | Orb.
     0 | D:1      | Reached XP level 1. HP: 14/14 MP: 3/3
    15 | D:1      | Found a faded altar of an unknown god.
   399 | D:1      | Reached XP level 2. HP: 14/20 MP: 1/4
  1512 | D:2      | Reached XP level 3. HP: 25/26 MP: 4/6
  1985 | D:2      | Learned a level 3 spell: Vampiric Draining
  2201 | D:3      | Noticed a phantom
  2259 | D:3      | Found a stormy altar of Qazlal.
  2515 | D:3      | Noticed a necrophage
  2536 | D:3      | Killed a necrophage
  2537 | D:3      | Reached skill level 5 in Necromancy
  2537 | D:3      | Reached XP level 4. HP: 10/33 MP: 8/8
  2537 | D:3      | Reached XP level 5. HP: 11/38 MP: 9/9
  3172 | D:3      | Killed a phantom
  3173 | D:3      | Reached XP level 6. HP: 20/45 MP: 11/11
  3522 | D:3      | Found a faded altar of an unknown god.
  3522 | D:3      | Found a hazy altar of Hepliaklqana.
  3522 | D:3      | Found a faded altar of an unknown god.
  3684 | D:3      | Found a snail-covered altar of Cheibriados.
  3903 | D:4      | Became a worshipper of Beogh the Brigand
  3914 | D:4      | Reached skill level 6 in Necromancy
  4195 | D:4      | Reached XP level 7. HP: 35/50 MP: 7/13
  4447 | D:4      | Found a burning altar of Makhleb.
  4886 | D:4      | Found a runed translucent gate.
  4886 | D:4      | Noticed dracfodder's ghost (novice GrFE)
  4887 | D:4      | Found a runed translucent gate.
  4888 | D:4      | Found a runed translucent gate.
  4889 | D:4      | Identified the +1 ring mail "Sock" {Rampage Dex+2}
  4900 | D:4      | Found a roughly hewn altar of Beogh.
  4935 | D:4      | Reached skill level 7 in Necromancy
  5563 | D:5      | Entered Level 5 of the Dungeon
  5630 | D:5      | Reached skill level 1 in Polearms
  5630 | D:5      | Reached XP level 8. HP: 53/57 MP: 15/15
  5636 | D:5      | Reached skill level 5 in Spellcasting
  5850 | D:5      | Found a staircase to the Ecumenical Temple.
  6140 | D:5      | Noticed a wraith
  6320 | D:5      | Reached * piety under Beogh
  6454 | D:5      | Found a sacrificial altar of Ru.
  6568 | D:5      | Upgraded the game from 0.28-a0-973-ga7f8b01127 to
                  | 0.28-a0-984-g3775c662fe
  7296 | D:6      | Reached skill level 8 in Necromancy
  7358 | D:6      | Slain by a hound

Illustrated notes

Levels and vault maps discovered:
D:1:      minmay_arrival_up_and_down, layout_basic,
          dreamdust_ecumenical_altar_grove
D:2:      layout_basic, minmay_misc_feat_five, patterned_corridor
D:3:      layout_basic, cheibriados_altar_1,
          nicolae_hepliaklqana_ecumenical_no_more,
          nicolae_overflow_hidden_temple, serial_forest,
          infiniplex_forest_clump_medium, infiniplex_forest_lined_corner,
          infiniplex_forest_corner_1, infiniplex_forest_lined_2,
          infiniplex_forest_lined_3, infiniplex_forest_end_3,
          infiniplex_forest_clump_double, infiniplex_forest_clump_double
D:4:      layout_cave_pools, makhleb_blood_cavern_becter,
          biasface_ghost_orc_armoury
D:5:      layout_loops_corners, lemuel_crystal_altar, temple_doors_ab
D:6:      layout_loops_ring, mainiacjoe_overflow_boulevard,
          pdpol_wu_jian_five_deadly_venoms, lemuel_crystal_altar

Skill      XL: |  1  2  3  4  5  6  7  8 |
---------------+-------------------------+-----
Spellcasting   | 2 3 4 5 |  5.5
Necromancy     | 5 6 7 8 |  8.0
Polearms       | 1 3 |  3.3
Dodging        | |  1.5
Stealth        | |  1.5

Action                   |  1- 3 |  4- 6 |  7- 9 || total
-------------------------+-------+-------+-------++-------
Melee: Unarmed           |     1 |       |       ||     1
       Whip              |    18 |    82 |    37 ||   137
       Halberd           |       |       |    47 ||    47
 Cast: Pain              |    43 |     7 |    12 ||    62
       Vampiric Draining |       |    11 |    20 ||    31
Invok: Convert to Beogh  |       |     1 |       ||     1
Evoke: Wand              |     2 |     4 |       ||     6
  Use: Scroll            |       |       |     2 ||     2
 Stab: Sleeping          |       |       |     4 ||     4
Armor: Robe              |     3 |    23 |    25 ||    51
Dodge: Dodged            |    18 |    74 |    66 ||   158

Table legend: (Time is in decaauts)
 A = Elapsed time spent in this place.
 B = Non-inter-level travel time spent in this place.
 C = Inter-level travel time spent in this place.
 D = Time resting spent in this place.
 E = Time spent auto-exploring this place.
 F = Levels seen in this place.
 G = Mean time per level.
                   A        B        C        D        E       F      G
               +--------+--------+--------+--------+--------+-----+--------+
         Total |   7393 |   7109 |    284 |    928 |   4731 |   6 | 1232.2 |
       Dungeon |   7393 |   7109 |    284 |    928 |   4731 |   6 | 1232.2 |
               +--------+--------+--------+--------+--------+-----+--------+

Top non-repeatable levels by time:
     D:3: 1916 daAuts
     D:4: 1656 daAuts
     D:1: 1295 daAuts
     D:5: 1268 daAuts
     D:2: 1168 daAuts
     D:6: 89 daAuts
